 Dungeon Crawl Stone Soup version 0.29.0-4-gdea44cf6ec (webtiles) character file.

Game seed: 14091001991958855899

102 qw the Chopper (level 4, 0/26 HPs)
             Began as a Tengu Warper on Aug 28, 2022.
             Succumbed to an adder's poison
             ... in a sewer.
             The game lasted 00:00:13 (2362 turns).

qw the Chopper (Tengu Warper)                       Turns: 2362, Time: 00:00:13

Health: 0/26       AC:  3    Str: 13    XL:     4   Next: 77%
Magic:  8/8        EV: 12    Int: 14    God:
Gold:   37         SH:  0    Dex: 13    Spells: 7/7 levels left

rFire   . . .      SeeInvis .   Y - +1 hand axe (vorpal)
rCold   . . .      Faith    .   (no shield)
rNeg    . . .      Spirit   .   b - +0 leather armour
rPois   .          Reflect  .   (helmet restricted)
rElec   .          Harm     .   (no cloak)
rCorr   .          Rampage  .   (no gloves)
Will    .....                   (boots unavailable)
Stlth   +.........              d - amulet of the acrobat
HPRegen 0.08/turn               (no ring)
MPRegen 0.11/turn               (no ring)

@: lethally poisoned (0 -> -1), very slow
A: beak, talons 3
a: no special abilities


You were in a sewer.
You visited 1 branch of the dungeon, and saw 3 of its levels.
You also visited: Sewer.

You collected 64 gold pieces.
You spent 27 gold pieces at shops.


Innate Abilities, Weirdness & Mutations

You have a beak for a mouth.
You have claws for feet.


   Skills:
 - Level 2.0 Fighting
 + Level 5.3 Axes
 - Level 1.0 Throwing
 - Level 1.1 Armour
 - Level 2.1 Dodging
 - Level 2.0 Spellcasting
 - Level 2.4 Translocations


You had 7 spell levels left.
You didn't know any spells.
Your spell library contained the following spells:

 Spells                   Type           Power      Damage    Failure   Level
 Blink                    Tloc           16%        N/A       17%         2
 Gell's Gravitas          Tloc           8%         N/A       34%         3
 Lesser Beckoning         Tloc           8%         N/A       34%         3
 Teleport Other           Tloc           8%         N/A       34%         3
 Manifold Assault         Tloc           8%         N/A       97%         5

Inventory:

Hand Weapons
 a - a +0 flail
 Y - a +1 vorpal hand axe (weapon)
Missiles
 c - 6 javelins (quivered)
Armour
 b - a +0 leather armour (worn)
Jewellery
 d - an amulet of the acrobat (around neck)
Potions
 g - a potion of curing
 i - a potion of might {unknown}
 j - a potion of attraction {unknown}

Dungeon Overview and Level Annotations

Branches:
Dungeon (3/15)              Sewer (1/1)

Altars:

Shops:
D:2 *


Message History

The adder bites you.
You barely miss the adder. You claw the adder. You peck the adder.
You kill the adder!
You hit the giant cockroach but do no damage.
You feel sick. The giant cockroach barely misses you.
You barely miss the giant cockroach.
You claw the giant cockroach, but do no damage.
You feel sick. The giant cockroach barely misses you.
You closely miss the giant cockroach.
You peck the giant cockroach, but do no damage.
You barely miss the giant cockroach.
You feel sick. The giant cockroach barely misses you.
The giant cockroach bites you.
The giant cockroach splashes around in the water.
2359 ||| READING scroll of teleportation.
As you read the scroll of teleportation, it crumbles to dust.
You feel strangely unstable.
You feel sick. The giant cockroach bites you.
The giant cockroach bites you but does no damage.
You hit the giant cockroach but do no damage.
Your kick misses the giant cockroach.
You hit the giant cockroach but do no damage.
You feel sick. The giant cockroach bites you.
The giant cockroach barely misses you.
You barely miss the giant cockroach. You peck the giant cockroach.
The giant cockroach is moderately wounded.
You barely miss the giant cockroach.
You feel sick.
The giant cockroach bites you but does no damage.
The giant cockroach closely misses you.
You hit the giant cockroach.
You kill the giant cockroach!
You hit the giant cockroach but do no damage.
Your surroundings suddenly seem different.
Splash!
You fall into the shallow water.
Moving in this stuff is going to be slow.
A ball python, a quokka, a frilled lizard, a giant cockroach and 2 bullfrogs come into view.
Found seven items.
You die...

#~~~~~~~~~~~####.~
#~~~~~#####%%~~###
####### #~~~~~~~
... ####~.%~ ##~.
###%~ #~S# ####
##~ ##~.#~~~~~ ##
#~~.~~.~r~ #
#~@~.~~..~ # #.~~~
#~~~~$~l.~ #\.~~
#...?)?..~ #..~~
#~~~.)!?.~ #.~.#
##~~...~.B # #~~~~
##~~~~~~~ # #~~~##
##~~F~F ## #~~.B##
##### ##~ #~~.~###
###~.


You could see 2 bullfrogs, a quokka (asleep), a giant cockroach (asleep), a ball
python (asleep) and a frilled lizard (asleep).

Vanquished Creatures
  3 adders
  A gnoll (D:1)
  A worm (D:2)
  5 endoplasms
  6 giant cockroaches
  5 goblins
  4 hobgoblins
  6 quokkas
  8 ball pythons
  4 bats
  9 frilled lizards
  2 kobolds
  6 rats
60 creatures vanquished.

Notes
Turn   | Place    | Note
-------+----------+-------------------------------------------
     0 | D:1      | qw the Tengu Warper began the quest for the Orb.
     0 | D:1      | Reached XP level 1. HP: 12/12 MP: 4/4
     0 | D:1      | 0 ||| qw: Version: 0.1-a-89-g26bdef1
     0 | D:1      | 0 ||| qw: Game counter: 1414
     0 | D:1      | 0 ||| qw: Always use a shield: true
     0 | D:1      | 0 ||| qw: God list: Okawaru
     0 | D:1      | 0 ||| qw: Allow faded altars: false
     0 | D:1      | 0 ||| qw: Do Orc after D:15 true
     0 | D:1      | 0 ||| qw: Do second Lair branch before Depths: true
     0 | D:1      | 0 ||| qw: Lair rune preference: random
     0 | D:1      | 0 ||| qw: Plans: Normal
     0 | D:1      | 0 ||| PLANNING D:1-11
    28 | D:1      | 28 ||| Stepping ~*~*~tactically~*~*~ (stealth).
    29 | D:1      | 29 ||| Stepping ~*~*~tactically~*~*~ (stealth).
    36 | D:1      | Reached skill level 3 in Axes
    36 | D:1      | Reached XP level 2. HP: 17/17 MP: 6/6
   280 | D:1      | 280 ||| Stepping ~*~*~tactically~*~*~ (stealth).
   282 | D:1      | 282 ||| Stepping ~*~*~tactically~*~*~ (stealth).
   681 | D:1      | Reached XP level 3. HP: 16/21 MP: 7/7
  1149 | D:1      | 1149 ||| Stepping ~*~*~tactically~*~*~ (stealth).
  1157 | D:1      | Reached skill level 4 in Axes
  1185 | D:1      | 1185 ||| READING scroll labelled XACLAB ZOE.
  1186 | D:1      | 1186 ||| READING scroll labelled WUAGIH AJIUH.
  1187 | D:1      | 1187 ||| READING 2 scrolls labelled PYNLYTEORR.
  1188 | D:1      | 1188 ||| READING scroll labelled ONEMIF MAAMN.
  1189 | D:1      | 1189 ||| READING scroll labelled HIURPH MUMMIO.
  1190 | D:1      | 1190 ||| DRINKING 2 puce potions.
  1191 | D:1      | 1191 ||| DROPPING scroll of blinking.
  1192 | D:1      | 1192 ||| DROPPING scroll of summoning.
  1256 | D:2      | 1256 ||| Stepping ~*~*~tactically~*~*~ (stealth).
  1269 | D:2      | 1269 ||| DROPPING +0 club.
  1382 | D:2      | 1382 ||| Stepping ~*~*~tactically~*~*~ (stealth).
  1383 | D:2      | 1383 ||| Stepping ~*~*~tactically~*~*~ (stealth).
  1385 | D:2      | 1385 ||| Stepping ~*~*~tactically~*~*~ (stealth).
  1746 | D:2      | Reached XP level 4. HP: 26/26 MP: 8/8
  1786 | D:2      | Found Zieff's Assorted Antiques.
  1793 | D:2      | 1793 ||| BUYING scroll labelled BUTEWEO IDGHAOH (27 gold).
  1793 | D:2      | Bought a scroll labelled BUTEWEO IDGHAOH for 27 gold pieces
  1793 | D:2      | 1793 ||| SHOPLISTING twitching lead amulet (135 gold, have
                  | 25).
  1841 | D:2      | 1841 ||| Stepping ~*~*~tactically~*~*~ (stealth).
  2011 | D:2      | Found a faded altar of an unknown god.
  2015 | D:2      | 2015 ||| DROPPING scarf of shadows.
  2016 | D:2      | 2016 ||| UPGRADING to amulet of the acrobat.
  2021 | D:2      | 2021 ||| READING 2 scrolls labelled AVEAGU INETEGH.
  2026 | D:2      | 2026 ||| READING 2 scrolls labelled BUTEWEO IDGHAOH.
  2127 | D:2      | 2127 ||| READING scroll labelled GOJYXT LEOBROLL.
  2128 | D:2      | 2128 ||| DROPPING scroll of silence.
  2141 | D:3      | 2141 ||| PLANNING SEWER
  2143 | D:3      | Found a glowing drain.
  2152 | Sewer    | Entered a sewer
  2181 | Sewer    | 2181 ||| Stepping ~*~*~tactically~*~*~ (water).
  2215 | Sewer    | Reached skill level 5 in Axes
  2337 | Sewer    | 2337 ||| Stepping ~*~*~tactically~*~*~ (water).
  2348 | Sewer    | 2348 ||| Stepping ~*~*~tactically~*~*~ (water).
  2358 | Sewer    | HP: 6/26 [giant cockroach (1)]
  2359 | Sewer    | 2359 ||| READING scroll of teleportation.
  2360 | Sewer    | HP: 2/26 [giant cockroach (1)]
  2362 | Sewer    | Noticed a bullfrog
  2362 | Sewer    | Noticed a bullfrog
  2362 | Sewer    | Succumbed to an adder's poison

Levels and vault maps discovered:
D:1:      dpeg_arrival_rhombus, layout_loops_ring, minmay_misc_feat_diagonals
D:2:      layout_loops_ring, serial_shops, shop, shapermc_ecumenical_altar_petra
D:3:      layout_loops_ring, cheibrodos_sewer_entry_drain,
          minmay_misc_feat_doors
Sewer:    sewer_frog_island_02

Skill      XL: |  1  2  3  4 |
---------------+-------------+-----
Axes           | 3 4 5 |  5.3
Fighting       | |  2.0
Throwing       | |  1.0
Armour         | |  1.1
Dodging        | |  2.1
Spellcasting   | |  2.0
Translocations | |  2.4

Action                   |  1- 3 |  4- 6 || total
-------------------------+-------+-------++-------
Melee: Hand axe          |    63 |    42 ||   105
       Kick              |    15 |     9 ||    24
       Peck              |     5 |     3 ||     8
       Punch             |     1 |       ||     1
Throw: Boomerang         |     7 |       ||     7
       Javelin           |     9 |    13 ||    22
  Use: Scroll            |     5 |     4 ||     9
       Potion            |     1 |       ||     1
Armor: Leather armour    |     8 |    10 ||    18
Dodge: Dodged            |    30 |    40 ||    70

Table legend:
 A = Non-vault XP
 B = Vault XP
 C = Vault XP percentage of total XP
 D = Non-vault monster count
 E = Vault monster count
 F = Vault count percentage of total count
                 A         B        C        D         E       F
            +---------+---------+-------+---------+---------+-------
      Total |      99 |      49 |  33.1 |      38 |      22 |  36.7
            +---------+---------+-------+---------+---------+-------
        D:1 |      47 |       0 |   0.0 |      22 |       0 |   0.0
        D:2 |      52 |       0 |   0.0 |      16 |       0 |   0.0
        D:3 |       0 |       2 | 100.0 |       0 |       2 | 100.0
      Sewer |       0 |      47 | 100.0 |       0 |      20 | 100.0
            +---------+---------+-------+---------+---------+-------
